 Dungeon Crawl Stone Soup version 0.19.5 (webtiles) character file.

5817 tof the Basher (level 10, -6/81 HPs)
             Began as a Minotaur Berserker on Mar 9, 2017.
             Was a High Priest of Trog.
             Killed from afar by an electric eel (9 damage)
             ... with a bolt of electricity
             ... on level 8 of the Dungeon.
             The game lasted 00:21:18 (8713 turns).

tof the Basher (Minotaur Berserker)                 Turns: 8713, Time: 00:21:19

Health: -6/81      AC:  8    Str: 25    XL:     10   Next: 51%
Magic:  9/9        EV: 17    Int:  6    God:    Trog [*****.]
Gold:   463        SH:  0    Dex: 12    Spells: 0 memorised, 9 levels left

rFire  . . .     SeeInvis .     t - +2 whip (elec)
rCold  . . .     Gourm    .     v - +0 ring mail
rNeg   . . .     Faith    .     (no shield)
rPois  +         Spirit   .     (helmet restricted)
rElec  .         Reflect  .     (no cloak)
rCorr  .         Harm     .     o - +0 pair of gloves
MR     .....                    (no boots)
Stlth  +.........               (no amulet)
                                (no ring)
                                E - ring of poison resistance

@: no status effects
A: retaliatory headbutt, horns 2, talons 1, repulsion field 1, clever 1, frail
1, screaming 1, strong 1
a: Berserk, Trog's Hand, Brothers in Arms, Burn Spellbooks, Renounce Religion


You were on level 8 of the Dungeon.
You worshipped Trog.
Trog was extremely pleased with you.
You were not hungry.

You visited 1 branch of the dungeon, and saw 8 of its levels.

You collected 463 gold pieces.

Inventory:

Hand Weapons
 a - a +0 mace
 t - a +2 whip of electrocution (weapon)
Missiles
 m - 5 javelins (quivered)
 B - 3 tomahawks
Armour
 k - a +0 chain mail
 o - a +0 pair of gloves (worn)
 v - a +0 ring mail (worn)
Jewellery
 E - a ring of poison resistance (left hand)
 G - the macabre finger necklace {rN+}
   (You found it on level 8 of the Dungeon)

   [amulet of nothing]

   It protects you from negative energy.
Wands
 d - a wand of random effects (25/48)
 l - a wand of random effects (26/48)
 A - a wand of lightning (6/15)
Scrolls
 b - 5 scrolls of remove curse
 e - 3 scrolls of enchant weapon {unknown}
 f - a scroll of amnesia {unknown}
 h - 3 scrolls of immolation {unknown}
 i - a scroll of recharging {unknown}
 j - 9 scrolls of identify {unknown}
 n - 2 scrolls of noise {unknown}
 q - a scroll of random uselessness {unknown}
 u - 2 scrolls of enchant armour {unknown}
 y - 3 scrolls of teleportation {unknown}
 z - 2 scrolls of blinking {unknown}
Potions
 r - a potion of agility
 s - 3 potions of flight
 w - a potion of curing
 F - a potion of cancellation
Books
 p - a book of Misfortune

   Spells                             Type                      Level
   a - Confusing Touch                Hexes                        1
   b - Confuse                        Hexes                        3
   c - Gell's Gravitas                Hexes/Translocation          3
   d - Petrify                        Transmutation/Earth          4
   e - Metabolic Englaciation         Hexes/Ice                    5
   f - Yara's Violent Unravelling     Hexes/Transmutation          5
   Trog disapproves of the use of such an item.
Comestibles
 c - 11 bread rations
 g - 7 meat rations
 C - 2 fruits
 D - a slice of pizza
 H - 4 chunks of flesh


   Skills:
 + Level 8.9 Fighting
 * Level 12.3 Maces & Flails
 + Level 9.0 Armour
 + Level 8.1 Dodging


You had 9 spell levels left.
You didn't know any spells.

Dungeon Overview and Level Annotations

Branches:
Dungeon (8/15)             Temple (0/1) D:5
   Lair: D:8-11

Altars:
Ashenzari
Gozag
Kikubaaqudgha
Sif Muna
Zin

Shops:
D:5 [   D:6 :


Innate Abilities, Weirdness & Mutations

You reflexively headbutt those who attack you in melee.
You have a pair of horns on your head.
You have sharp toenails.
You are surrounded by a mild repulsion field. (EV +2)
Your mind is acute. (Int +2)
You are frail. (-10% HP)
You occasionally shout uncontrollably at your foes.
Your muscles are strong. (Str +2)


Message History

You whack the centaur! You claw the centaur, but do no damage.
The centaur is severely wounded.
The centaur barely misses you.
You hit the centaur. You claw the centaur, but do no damage.
The centaur is almost dead.
You whack the centaur!
There is a sudden explosion of sparks!
You kill the centaur!
Trog accepts your kill.
The electric eel shoots out a bolt of lightning at you!
The bolt of electricity hits you!
* * * LOW HITPOINT WARNING * * *
The electric eel shoots out a bolt of lightning at you!
The bolt of electricity hits the electric eel.
The electric eel completely resists.
The bolt of electricity hits you!
* * * LOW HITPOINT WARNING * * *
Items here: $ ( ) † an uncursed shortbow; 23 arrows; 23 gold pieces; a centaur corpse The electric eel shoots out a bolt of lightning at you!
The bolt of electricity hits you!
You die...

#... ....##..##..#####.#
## #..###.##..# #.#
#.......[..#
...##...#####..# ....#..÷#
#..#####.#♣P♣ .........#
#........≈P≈≈ .........#
#.######♣P≈≈≈
.........#####(# ♣P≈P≈≈
.....#..÷.....@####♣≈P≈≈≈≈
#...##..###....)..;;≈≈≈≈≈≈
##.# #... #######.♣≈P≈≈≈≈≈
.. ....# #...≈≈≈≈≈≈ .....
#......... ######
##≈.;≈≈≈≈≈ ≈≈.≈≈≈≈≈≈
≈♣≈.≈≈P≈♣♣ ≈♣≈≈.≈≈≈♣♣


You could see 3 electric eels.

Vanquished Creatures
  Pikel (D:7)
  A hornet (D:7)
  3 hippogriffs
  Sigmund (D:3)
  A spriggan (D:7)
  A wyvern (D:7)
  Eustachio (D:5)
  A hungry ghost (D:7)
  Duvessa (D:4)
  2 orc warriors
  3 sky beasts
  6 necrophages
  3 ice beasts
  3 phantoms
  3 slaves (D:7)
  The ghost of tof the Cudgeler, an amateur MiBe of Trog (D:3)
  4 centaurs
  3 bullfrogs
  Dowan (D:4)
  A scorpion (D:8)
  3 killer bees (D:7)
  3 wights
  4 howler monkeys
  A centaur zombie (D:8)
  3 crimson imps (D:7)
  A bullfrog skeleton (D:6)
  5 hounds
  3 orc priests
  10 orc wizards
  An iguana (D:4)
  5 worker ants
  2 mummies (D:8)
  4 gnolls (D:4)
  A howler monkey skeleton (D:6)
  11 adders
  2 shadow imps
  2 oozes
  2 adder skeletons (D:4)
  3 worms
  5 dart slugs
  A leopard gecko (D:1)
  32 orcs
  4 bats
  4 giant cockroaches
  6 goblins
  6 hobgoblins
  10 jackals
  3 quokkas
  3 frilled lizards
  A giant cockroach zombie (D:5)
  A jackal zombie (D:5)
  8 kobolds
  3 rats
  A butterfly (D:5)
195 creatures vanquished.

Vanquished Creatures (others)
  A slave (D:7)
  A hound (D:7)
  A jelly (D:7)
  An orc wizard (D:7)
  3 orcs (D:7)
  2 plants (D:8)
  A withered plant (D:8)
10 creatures vanquished.

Grand Total: 205 creatures vanquished

Notes
Turn   | Place    | Note
-------+----------+-------------------------------------------
     0 | D:1      | tof the Minotaur Berserker began the quest for the Orb.
     0 | D:1      | Reached XP level 1. HP: 19/19 MP: 0/0
   150 | D:1      | Reached XP level 2. HP: 13/26 MP: 1/1
   378 | D:1      | Reached skill level 4 in Maces & Flails
   791 | D:2      | Reached XP level 3. HP: 33/33 MP: 2/2
   984 | D:2      | Found a shattered altar of Ashenzari.
  1248 | D:2      | Reached XP level 4. HP: 40/40 MP: 3/3
  1266 | D:2      | Reached ** piety under Trog
  1674 | D:3      | Noticed tof's ghost (amateur MiBe)
  1683 | D:3      | Killed tof's ghost
  1683 | D:3      | Reached skill level 5 in Maces & Flails
  1683 | D:3      | Reached XP level 5. HP: 43/47 MP: 4/4
  1752 | D:3      | Found an ancient bone altar of Kikubaaqudgha.
  2224 | D:3      | HP: 1/47 [something/magic dart (6)]
  2628 | D:3      | Noticed Sigmund
  2653 | D:3      | Killed Sigmund
  2653 | D:3      | Reached skill level 5 in Fighting
  2653 | D:3      | Reached skill level 6 in Maces & Flails
  2653 | D:3      | Reached XP level 6. HP: 6/56 MP: 1/5
  3749 | D:4      | Reached XP level 7. HP: 61/61 MP: 6/6
  3882 | D:4      | Found an opulent altar of Gozag.
  3954 | D:4      | Noticed Duvessa
  3958 | D:4      | Noticed Dowan
  3962 | D:4      | Killed Duvessa
  3962 | D:4      | Reached skill level 7 in Maces & Flails
  3963 | D:4      | Reached *** piety under Trog
  3971 | D:4      | Killed Dowan
  4328 | D:4      | Reached skill level 5 in Armour
  4328 | D:4      | Reached skill level 5 in Dodging
  4385 | D:5      | Entered Level 5 of the Dungeon
  4422 | D:5      | Gained mutation: You are frail. (-10% HP) [mutagenic meat]
  4423 | D:5      | Gained mutation: Your spells are a little harder to cast, but a little more powerful. [mutagenic meat]
  4424 | D:5      | Gained mutation: Your magical capacity is low. (-10% MP) [mutagenic meat]
  4425 | D:5      | Gained mutation: You are very frail. (-20% HP) [mutagenic meat]
  4426 | D:5      | Gained mutation: You occasionally shout uncontrollably at your foes. [mutagenic meat]
  4427 | D:5      | Gained mutation: You have sharp toenails. [mutagenic meat]
  4471 | D:5      | Noticed Eustachio
  4487 | D:5      | Killed Eustachio
  4487 | D:5      | Reached skill level 8 in Maces & Flails
  4487 | D:5      | Reached XP level 8. HP: 47/56 MP: 6/6
  4930 | D:5      | Found Ettih's Armour Boutique.
  5046 | D:5      | Found a glowing silver altar of Zin.
  5047 | D:5      | Noticed an angel
  5134 | D:5      | Found a staircase to the Ecumenical Temple.
  5673 | D:6      | Found Tus Toank's Book Emporium.
  5783 | D:6      | Found a deep blue altar of Sif Muna.
  6122 | D:6      | Reached skill level 9 in Maces & Flails
  6135 | D:6      | Lost mutation: Your spells are a little harder to cast, but a little more powerful. [mutagenic meat]
  6137 | D:6      | Lost mutation: You are very frail. (-20% HP) [mutagenic meat]
  6138 | D:6      | Gained mutation: You are surrounded by a mild repulsion field. (EV +2) [mutagenic meat]
  6153 | D:7      | Gained mutation: Your mind is acute. (Int +2) [mutagenic meat]
  6155 | D:7      | Lost mutation: Your magical capacity is low. (-10% MP) [mutagenic meat]
  6264 | D:7      | Noticed Pikel
  6271 | D:7      | Reached **** piety under Trog
  6277 | D:7      | Killed Pikel
  6277 | D:7      | Reached XP level 9. HP: 63/71 MP: 8/8
  6289 | D:7      | Reached skill level 10 in Maces & Flails
  6748 | D:7      | Gained mutation: Your muscles are strong. (Str +2) [potion of beneficial mutation]
  6970 | D:7      | Reached skill level 11 in Maces & Flails
  7651 | D:7      | Reached XP level 10. HP: 79/79 MP: 9/9
  7877 | D:8      | Reached ***** piety under Trog
  8102 | D:8      | Reached skill level 12 in Maces & Flails
  8702 | D:8      | HP: 2/81 [centaur/arrow (13)]
  8712 | D:8      | HP: 3/81 [electric eel/bolt of electricity (11)]
  8713 | D:8      | Killed from afar by an electric eel

Skill      XL: |  1  2  3  4  5  6  7  8  9 10 |
---------------+-------------------------------+-----
Maces & Flails | 4 5 6 8 9 11 12 | 12.3
Armour         | 3 4 5 6 8 9 |  9.0
Fighting       | 4 5 6 7 8 |  8.9
Dodging        | 3 4 5 6 7 8 |  8.1

Action                   |  1- 3 |  4- 6 |  7- 9 | 10-12 || total
-------------------------+-------+-------+-------+-------++-------
Melee: Mace              |    70 |   105 |       |       ||   175
       Headbutt          |    12 |    20 |    50 |    37 ||   119
       Whip              |       |     5 |   262 |   144 ||   411
       Kick              |       |       |    63 |    54 ||   117
Throw: Javelin           |       |       |     6 |       ||     6
Invok: Berserk           |       |     2 |     2 |       ||     4
  Use: Potion            |       |     5 |     4 |     2 ||    11
       Scroll            |       |       |     1 |       ||     1
 Stab: Distracted        |       |       |     1 |       ||     1
  Eat: Chunk             |     1 |     5 |    25 |     1 ||    32
       Meat ration       |       |     1 |     1 |       ||     2
       Fruit             |       |       |     1 |       ||     1
Armor: Animal skin       |     2 |       |       |       ||     2
       Leather armour    |     7 |       |       |       ||     7
       Ring mail         |     8 |       |    49 |    19 ||    76
       Chain mail        |       |    84 |    12 |       ||    96
Dodge: Dodged            |    37 |    70 |   132 |    73 ||   312
